 Dungeon Crawl Stone Soup version 0.29.0-4-gdea44cf6ec (webtiles) character file.

Game seed: 17843625800403023105

37 qw the Chopper (level 3, -1/21 HPs)
             Began as a Tengu Warper on Aug 28, 2022.
             Slain by a goblin
             ... wielding a +0 dagger of distortion
              (13 damage)
             ... on level 2 of the Dungeon.
             The game lasted 00:00:08 (1997 turns).

qw the Chopper (Tengu Warper)                       Turns: 1997, Time: 00:00:09

Health: -1/21      AC:  3    Str: 13    XL:     3   Next: 41%
Magic:  7/7        EV: 12    Int: 13    God:
Gold:   50         SH:  0    Dex: 13    Spells: 6/6 levels left

rFire   . . .      SeeInvis .   Y - +0 hand axe
rCold   . . .      Faith    .   (no shield)
rNeg    . . .      Spirit   .   b - +0 leather armour
rPois   .          Reflect  .   (helmet restricted)
rElec   .          Harm     .   (no cloak)
rCorr   .          Rampage  .   (no gloves)
Will    .....                   (boots unavailable)
Stlth   +.........              (no amulet)
HPRegen 0.07/turn               (no ring)
MPRegen 0.10/turn               (no ring)

@: no status effects
A: beak, talons 3
a: no special abilities


You were on level 2 of the Dungeon.
You visited 1 branch of the dungeon, and saw 2 of its levels.

You collected 50 gold pieces.


Innate Abilities, Weirdness & Mutations

You have a beak for a mouth.
You have claws for feet.


   Skills:
 - Level 2.0 Fighting
 + Level 4.1 Axes
 - Level 1.0 Throwing
 - Level 1.1 Armour
 - Level 2.1 Dodging
 - Level 2.0 Spellcasting
 - Level 2.4 Translocations


You had 6 spell levels left.
You didn't know any spells.
Your spell library contained the following spells:

 Spells                   Type           Power      Damage    Failure   Level
 Blink                    Tloc           14%        N/A       19%         2
 Gell's Gravitas          Tloc           7%         N/A       36%         3
 Lesser Beckoning         Tloc           7%         N/A       36%         3
 Teleport Other           Tloc           7%         N/A       36%         3
 Manifold Assault         Tloc           7%         N/A       98%         5

Inventory:

Hand Weapons
 e - a +0 whip
 Y - a +0 hand axe (weapon)
Armour
 b - a +0 leather armour (worn)
Scrolls
 a - a scroll of identify
 d - a scroll of fog {unknown}
 g - 2 scrolls of teleportation
Potions
 c - 2 potions of curing {unknown}
 f - a potion of might

Dungeon Overview and Level Annotations

Branches:
Dungeon (2/15)

Altars:

Annotations:
D:2 Ijyb


Message History

Found a robe.
e - a +0 whip
1782 ||| DROPPING +0 club.
You drop a +0 club.
You see here a +0 robe.
c - 2 viscous red potions (gained 1)
Found a sling.
Enter note: You see here a +0 sling.
Found a stone staircase leading down.
There is a stone staircase leading down here.
d - a scroll labelled QOSUCR CAOFIYRPH
Enter note:
Found a hand axe. 6 goblins come into view.
A goblin is wielding a +0 dagger of distortion.
The goblin shouts! x4; You hear a shout!
Enter note:
1992 ||| Stepping ~*~*~tactically~*~*~ (stealth).
The goblin shouts!
Ijyb the Twisted Goblin comes into view.
She is wielding a +0 club and carrying a wand of paralysis (11).
The goblin unwields a +0 club.
The goblin wields a +0 sling.
The goblin shoots a sling bullet.
The sling bullet closely misses you.
Found a robe.
The goblin hits you with a +0 dagger. x2
You closely miss the goblin. Your kick misses the goblin. You peck the goblin.
The goblin is moderately wounded.
You closely miss the goblin. You hit the goblin. The goblin misses you.
The goblin closely misses you.
Ijyb screams, "You nasty!
Big nasty!"
The goblin unwields a +0 sling.
The goblin wields a +0 club.
The goblin hits you with a +0 club. The goblin completely misses you.
The goblin hits you with a +0 dagger. The goblin barely misses you.
You hit the goblin.
You kill the goblin!
You closely miss the goblin. You barely miss the goblin. x2
The goblin barely misses you. The goblin hits you but does no damage.
The goblin hits you with a +0 dagger of distortion.
Space warps horribly around you!
Ouch! That really hurt!
You die...

.##.#
#.##.......#
.##.#
#.##.##.####
.##.# #.##.....#
###.# #.####...#
###.# #.# .#.#
....# #.####.#.#
#####
########.......#
....
.8.8.8g8..##...#
...) ......g@..#
# ####
[....ggg..#
......g...#
..........#
..........#
.8.8.8.8..# ...
########... ###
.### .#


You could see Ijyb and 5 goblins.

Vanquished Creatures
  2 dart slugs
  4 endoplasms (D:1)
  6 goblins
  4 hobgoblins
  3 quokkas
  4 ball pythons (D:1)
  A bat (D:1)
  2 frilled lizards (D:1)
  2 kobolds
  5 rats (D:1)
33 creatures vanquished.

Notes
Turn   | Place    | Note
-------+----------+-------------------------------------------
     0 | D:1      | qw the Tengu Warper began the quest for the Orb.
     0 | D:1      | Reached XP level 1. HP: 12/12 MP: 4/4
     0 | D:1      | 0 ||| qw: Version: 0.1-a-89-g26bdef1
     0 | D:1      | 0 ||| qw: Game counter: 2687
     0 | D:1      | 0 ||| qw: Always use a shield: true
     0 | D:1      | 0 ||| qw: God list: Okawaru
     0 | D:1      | 0 ||| qw: Allow faded altars: false
     0 | D:1      | 0 ||| qw: Do Orc after D:15 true
     0 | D:1      | 0 ||| qw: Do second Lair branch before Depths: true
     0 | D:1      | 0 ||| qw: Lair rune preference: random
     0 | D:1      | 0 ||| qw: Plans: Normal
     0 | D:1      | 0 ||| PLANNING D:1-11
   471 | D:1      | Reached XP level 2. HP: 17/17 MP: 6/6
   479 | D:1      | Reached skill level 3 in Axes
   479 | D:1      | 479 ||| Stepping ~*~*~tactically~*~*~ (stealth).
   483 | D:1      | 483 ||| Stepping ~*~*~tactically~*~*~ (stealth).
   623 | D:1      | 623 ||| Stepping ~*~*~tactically~*~*~ (hiding).
   626 | D:1      | 626 ||| Stepping ~*~*~tactically~*~*~ (hiding).
  1042 | D:1      | Reached XP level 3. HP: 19/21 MP: 7/7
  1073 | D:1      | 1073 ||| Stepping ~*~*~tactically~*~*~ (stealth).
  1344 | D:1      | Reached skill level 4 in Axes
  1580 | D:1      | 1580 ||| READING 2 scrolls labelled VUFEBE CYEPUIXT.
  1581 | D:1      | 1581 ||| READING 3 scrolls labelled IPAMUU HEZXIEG.
  1586 | D:1      | 1586 ||| READING scroll labelled YGRONO MAMMEORIAPN.
  1587 | D:1      | 1587 ||| DRINKING 2 blue potions.
  1588 | D:1      | 1588 ||| DRINKING 2 inky potions.
  1589 | D:1      | 1589 ||| DRINKING 2 cyan potions.
  1590 | D:1      | 1590 ||| DROPPING scroll of poison.
  1591 | D:1      | 1591 ||| DROPPING scroll of blinking.
  1592 | D:1      | 1592 ||| DROPPING potion of flight.
  1593 | D:1      | 1593 ||| DROPPING potion of brilliance.
  1688 | D:2      | 1688 ||| FLEEEEING.
  1782 | D:2      | 1782 ||| DROPPING +0 club.
  1992 | D:2      | 1992 ||| Stepping ~*~*~tactically~*~*~ (stealth).
  1993 | D:2      | Noticed Ijyb
  1997 | D:2      | Slain by a goblin

Levels and vault maps discovered:
D:1:      sevenhm_arrival_forest_fort_large_1, layout_basic
D:2:      kennysheep_the_goblin_king, layout_loops_ring,
          shapermc_ecumenical_altar_mp_vishouse, kennysheep_donut

Skill      XL: |  1  2  3 |
---------------+----------+-----
Axes           | 3 4 |  4.1
Fighting       | |  2.0
Throwing       | |  1.0
Armour         | |  1.1
Dodging        | |  2.1
Spellcasting   | |  2.0
Translocations | |  2.4

Action                   || total
-------------------------++-------
Melee: Hand axe          ||    57
       Kick              ||    15
       Peck              ||    10
Throw: Boomerang         ||     7
  Use: Scroll            ||     3
       Potion            ||     3
Armor: Leather armour    ||     4
Dodge: Dodged            ||    33

Table legend:
 A = Non-vault XP
 B = Vault XP
 C = Vault XP percentage of total XP
 D = Non-vault monster count
 E = Vault monster count
 F = Vault count percentage of total count
                 A         B        C        D         E       F
            +---------+---------+-------+---------+---------+-------
      Total |      51 |       5 |   8.9 |      29 |       4 |  12.1
            +---------+---------+-------+---------+---------+-------
        D:1 |      42 |       3 |   6.7 |      25 |       3 |  10.7
        D:2 |       9 |       2 |  18.2 |       4 |       1 |  20.0
            +---------+---------+-------+---------+---------+-------
